 Dungeon Crawl Stone Soup version 0.30-a0-743-gbfdf073431 (webtiles) character file.

Game seed: 13413961228757177819

4039 Leeroy the Carver (level 10, -8/51 HPs)
             Began as a Vine Stalker Warper on Feb 7, 2023.
             Mangled by a vault guard
             ... wielding a +0 broad axe
              (12 damage)
             ... in a bailey.
             The game lasted 00:13:09 (6938 turns).

Leeroy the Carver (Vine Stalker Warper)             Turns: 6938, Time: 00:13:10

Health: -8/51      AC: 10    Str: 13    XL:     10   Next: 24%
Magic:  0/21       EV: 16    Int: 13    God:
Gold:   491        SH:  0    Dex: 19    Spells: 15/23 levels left

rFire   . . .      SeeInvis .    k - +9 staff of Olgreb {rPois∞}
rCold   . . .      Faith    .    (no shield)
rNeg    . . .      Spirit   +    b - +0 leather armour
rPois   ∞          Reflect  .    m - +1 helmet
rElec   .          Harm     .    (no cloak)
rCorr   .          Rampage  .    e - +1 pair of gloves
Will    +....                    h - +2 pair of boots
Stlth   +                        (no amulet)
HPRegen 1.08/turn                (no ring)
MPRegen 0.17/turn                (no ring)

@: very slightly contaminated
A: fangs 3, regeneration 1, magic shield, antimagic bite, no potion heal 2
a: Evoke the Staff of Olgreb


You were in a bailey.
You visited 2 branches of the dungeon, and saw 8 of its levels.
You also visited: Bailey.

You collected 491 gold pieces.

Inventory:

Hand Weapons
 a - a +0 falchion
 k - the +9 staff of Olgreb (weapon) {rPois∞}
   (You acquired it on level 7 of the Dungeon)

   It enhances your poison magic.
   It grants immunity to poison.
   It can be activated via the 'a'bility menu to radiate toxic energy, with
   effectiveness depending on Evocations skill.
 y - a +4 short sword
 B - a +1 halberd of flaming
 D - a +3 dagger of speed
 G - a +0 rapier
 H - a +4 spear
 L - a +9 quarterstaff
 M - a +2 short sword of draining
 N - a +0 scimitar
Missiles
 d - 5 boomerangs of dispersal (quivered)
 r - 18 poisoned darts
 s - 2 boomerangs
 E - a curare-tipped dart
 I - a throwing net
Armour
 b - a +0 leather armour (worn)
 e - a +1 pair of gloves (worn)
 h - a +2 pair of boots (worn)
 m - a +1 helmet (worn)
 v - a +0 ring mail of fire resistance
Jewellery
 f - a ring of positive energy
Wands
 w - a wand of mindburst (7)
 P - a wand of flame (10)
Scrolls
 c - a scroll of magic mapping {unknown}
 o - 5 scrolls of teleportation
 q - a scroll of noise
 t - a scroll of torment
 x - a scroll of immolation
 J - a scroll of fear
Potions
 g - 5 potions of heal wounds {unknown}
 i - 5 potions of might
 j - 2 potions of brilliance {unknown}
 l - a potion of curing {unknown}
 n - 2 potions of invisibility {unknown}
 p - 2 potions of attraction {unknown}
 u - a potion of lignification {unknown}
 z - a potion of ambrosia {unknown}
 A - 3 potions of cancellation {unknown}
 C - a potion of berserk rage {unknown}
 F - a potion of magic {unknown}
 K - 3 potions of haste {unknown}
 O - 2 potions of mutation {unknown}


   Skills:
 - Level 4.5 Fighting
 - Level 8.0 Long Blades
 - Level 0.8 Throwing
 + Level 1.1 Armour
 - Level 7.2 Dodging
 * Level 7.1 Spellcasting
 - Level 3.0 Translocations


You had 15 spell levels left.
You knew the following spells:

 Your Spells              Type           Power      Damage    Failure   Level
a - Blink                 Tloc           24%        N/A       9%          2
b - Vhi's Electric Charg  Tloc/Air       16%        N/A       30%         3
c - Frozen Ramparts       Ice            8%         1d2       50%         3

Your spell library contained the following spells:

 Spells                   Type           Power      Damage    Failure   Level
 Lesser Beckoning         Tloc           24%        N/A       9%          2
 Gell's Gravitas          Tloc           12%        N/A       17%         3
 Teleport Other           Tloc           12%        N/A       17%         3
 Freeze                   Ice            16%        1d4       19%         1
 Magic Dart               Conj           16%        1d3       19%         1
 Necrotise                Necr           16%        1d4       19%         1
 Sandblast                Erth           8%         2d5       19%         1
 Passwall                 Tmut/Erth      3%         N/A       28%         2
 Kindle Blastsparks       Fire/Tloc/Air  14%        2d11      36%         3
 Hailstorm                Conj/Ice       4%         3d4       50%         3
 Ignite Poison            Fire/Tmut/Pois 6%         N/A       50%         3
 Stone Arrow              Conj/Erth      8%         3d7       50%         3
 Vampiric Draining        Necr           4%         2d6       50%         3
 Manifold Assault         Tloc           12%        N/A       50%         4
 Agony                    Necr           4%         N/A       99%         5
 Freezing Cloud           Conj/Ice/Air   2%         6-21      99%         5
 Dispersal                Tloc           6%         N/A       100%        6


Dungeon Overview and Level Annotations

Branches:
Dungeon (7/15)             Temple (1/1) D:5          Bailey (1/1)

Altars:
Ashenzari
Cheibriados
Dithmenos
Elyvilon
Fedhas
Gozag
Hepliaklqana
Kikubaaqudgha
Makhleb
Nemelex Xobeh
Okawaru
Qazlal
Ru
Sif Muna
Vehumet
Wu Jian
Xom
Yredelemnul
Zin

Shops:
D:5 :   D:7 *

Annotations:
D:2 1 runed translucent door, Crazy Yiuf
D:4 2 transporters, jt's ghost, novice OgRe


Innate Abilities, Weirdness & Mutations

You have razor-sharp teeth.
Your natural rate of healing is unusually fast.
When hurt, damage is shared between your health and your magic reserves.
Your bite disrupts and absorbs the magic of your enemies.
Potions cannot restore your health.


Message History

The vault guard is moderately wounded.
The vault guard hits you with a +0 broad axe.
Throw: 6 boomerangs (disperse)
Press: ? - help, Q - select action, (/) - cycle Shift-Dir - straight line, f/p - vault guard
Aim: a vault guard, wielding a +0 broad axe and wearing a +0 chain mail (moderately wounded, very poisoned, 60% to hit)
You throw a boomerang of dispersal.
The boomerang of dispersal barely misses the vault guard.
The vault guard hits you with a +0 broad axe!!
You sock the vault guard! You bite the vault guard. You drain its power.
You feel invigorated.
The vault guard is heavily wounded.
The vault guard barely misses you.
You barely miss the vault guard.
The vault guard is heavily wounded.
The vault guard hits you with a +0 broad axe.
You begin to radiate toxic energy.
The vault guard looks even sicker. x2
The vault guard hits you with a +0 broad axe.
You barely miss the vault guard.
The vault guard is heavily wounded.
The vault guard hits you with a +0 broad axe.
The vault guard hits you with a +0 broad axe!!
* * * LOW HITPOINT WARNING * * *
Okay, then.
Casting: Blink (safe; 9% risk of failure)
Confirm with . or Enter, or press ? or * to list all spells.
You miscast Blink.
You are very lightly contaminated with residual magic.
Nothing appears to happen.
Your toxic aura wanes.
The vault guard hits you with a +0 broad axe!
* * * LOW HITPOINT WARNING * * *
Okay, then.
Okay, then.
Okay, then.
Casting: Blink (safe; 9% risk of failure)
Confirm with . or Enter, or press ? or * to list all spells.
You don't have enough magic to cast this spell.
The vault guard attacks as you move away!
The vault guard hits you with a +0 broad axe!
You die...

###≈~~~.~..~≈#~..~#
##.#≈~~~~).~≈##..~##
##..##≈~~~..~≈#?..~
##....#≈~≈≈~.~≈#?.~#
#.....##≈##≈.~≈####
#......####≈÷.~≈#
#..))..'..#≈..~≈#
###'####..###p###
##~~~##...#...@.#
#~~~~~#...#.....#
#~~~†~#...####..#
#~~~~~#))..#)...#
##~~#'#'#......##
####...##....##
#.....###### #.∩.∩.#
#.....#


You could see a vault guard (very poisoned).

Vanquished Creatures
  A vault guard (Bailey)
  Prince Ribbit (Bailey)
  3 humans (Bailey)
  Eustachio (D:5)
  3 water moccasins
  A sky beast (D:7)
  2 ogres (D:5)
  3 phantoms
  Blork the orc (D:6)
  A kobold brigand (D:5)
  6 bullfrogs
  2 gnoll sergeants
  2 scorpions (D:6)
  2 necrophages
  3 wights (D:4)
  An orc priest (D:6)
  3 hounds (D:4)
  2 gnoll boudas
  Jessica (D:3)
  Terence (D:2)
  An iguana (D:6)
  Ijyb (D:3)
  2 orc wizards
  Robin (D:3)
  12 adders
  24 gnolls
  3 white imps
  2 worms (D:4)
  6 dart slugs
  24 orcs
  3 ball pythons
  9 endoplasms
  2 giant cockroaches
  12 hobgoblins
  12 jackals
  6 quokkas
  5 bats
  6 frilled lizards
  20 goblins
  13 kobolds
  7 rats
211 creatures vanquished.

Vanquished Creatures (others)
  3 plants (D:7)
3 creatures vanquished.

Grand Total: 214 creatures vanquished

Notes
Turn   | Place    | Note
-------+----------+-------------------------------------------
     0 | D:1      | Leeroy the Vine Stalker Warper began the quest for the Orb.
     0 | D:1      | Reached XP level 1. HP: 11/11 MP: 4/4
    29 | D:1      | Reached skill level 2 in Long Blades
    52 | D:1      | Reached XP level 2. HP: 8/15 MP: 6/6
   231 | D:1      | Reached skill level 3 in Long Blades
   300 | D:1      | Reached XP level 3. HP: 18/18 MP: 7/7
   765 | D:2      | Gained mutation: Your natural rate of healing is unusually
                  | fast. [Vine Stalker growth]
   765 | D:2      | Reached XP level 4. HP: 10/23 MP: 6/8
   801 | D:2      | Reached skill level 4 in Long Blades
   923 | D:2      | Learned a level 2 spell: Blink
   927 | D:2      | Learned a level 3 spell: Vhi's Electric Charge
  1048 | D:2      | Reached XP level 5. HP: 26/26 MP: 9/9
  1048 | D:2      | Noticed Terence
  1060 | D:2      | Killed Terence
  1186 | D:2      | Found a runed translucent door.
  1187 | D:2      | Noticed Crazy Yiuf
  1465 | D:3      | Noticed Ijyb
  1482 | D:3      | Killed Ijyb
  1483 | D:3      | Reached skill level 5 in Long Blades
  1493 | D:3      | Found a sacrificial altar of Ru.
  1497 | D:3      | Noticed Robin
  1498 | D:3      | Found a stormy altar of Qazlal.
  1558 | D:3      | Learned a level 3 spell: Frozen Ramparts
  1578 | D:3      | Killed Robin
  1621 | D:3      | Found a basalt altar of Yredelemnul.
  1625 | D:3      | Noticed Jessica
  1638 | D:3      | Killed Jessica
  1639 | D:3      | Reached XP level 6. HP: 20/30 MP: 7/10
  1827 | D:3      | Reached skill level 6 in Long Blades
  2478 | D:4      | Found a transporter.
  2478 | D:4      | Noticed jt's ghost (novice OgRe)
  2540 | D:4      | Found a transporter.
  2606 | D:4      | Reached XP level 7. HP: 28/34 MP: 11/11
  2699 | D:4      | Reached skill level 7 in Long Blades
  3021 | D:4      | Found an opulent altar of Gozag.
  3188 | D:4      | Found an ancient bone altar of Kikubaaqudgha.
  3190 | D:4      | Found a shimmering blue altar of Sif Muna.
  3193 | D:4      | Found a radiant altar of Vehumet.
  3198 | D:4      | Got Vehumet's Handbook of Destruction
  3268 | D:4      | Identified the +6 great mace of the Grave {heavy, *Rage
                  | *Corrode rN+++ Str+8}
  3346 | D:5      | Entered Level 5 of the Dungeon
  3856 | D:4      | Reached skill level 8 in Long Blades
  4122 | D:4      | Gained mutation: You have razor-sharp teeth. [Vine Stalker
                  | growth]
  4122 | D:4      | Reached XP level 8. HP: 33/35 MP: 12/12
  4766 | D:5      | Found Bexzoipn's Self-Improvement Boutique.
  4842 | D:5      | Found a staircase to the Ecumenical Temple.
  4852 | Temple   | Entered the Ecumenical Temple
  4934 | D:6      | Noticed Eustachio
  4967 | D:5      | Killed Eustachio
  4968 | D:5      | Reached skill level 5 in Dodging
  5077 | D:6      | Reached XP level 9. HP: 42/42 MP: 13/13
  5350 | D:6      | Found a hazy altar of Hepliaklqana.
  5351 | D:6      | Noticed Blork the orc
  5352 | D:6      | Found a faded altar of an unknown god.
  5362 | D:6      | Killed Blork the orc
  5651 | D:6      | Found an ornate altar of the Wu Jian Council.
  5818 | D:6      | Found a sparkling altar of Nemelex Xobeh.
  5960 | D:7      | Identified a scroll of acquirement
  5966 | D:7      | Acquired the +9 staff of Olgreb {rPois∞}
  5966 | D:7      | Found the +9 staff of Olgreb {rPois∞}
  6132 | D:7      | Found a blossoming altar of Fedhas.
  6208 | D:7      | Found Zin's Purification Station.
  6220 | D:7      | Found a glowing silver altar of Zin.
  6477 | D:7      | Found a flagged portal.
  6495 | Bailey   | Entered a bailey
  6617 | Bailey   | Reached skill level 5 in Spellcasting
  6678 | Bailey   | Noticed a vault guard
  6678 | Bailey   | Noticed Prince Ribbit
  6683 | Bailey   | Killed Prince Ribbit
  6708 | Bailey   | Killed a vault guard
  6709 | Bailey   | Reached XP level 10. HP: 39/51 MP: 3/21
  6828 | Bailey   | Reached skill level 1 in Armour
  6908 | Bailey   | Noticed a vault guard
  6938 | Bailey   | Mangled by a vault guard

Illustrated notes

Levels and vault maps discovered:
D:1:      reono_arrival_mine, layout_loops_ring, minmay_split_cup_small
D:2:      layout_rooms, uniq_crazy_yiuf_cottage, uniq_terence
D:3:      minmay_wonky_spiral, layout_loops_ring, old_standard_altar,
          grunt_temple_overflow_open, kennysheep_generic_room_8, uniq_ijyb,
          uniq_jessica, uniq_robin
D:4:      layout_basic, grunt_temple_overflow_magic_moments,
          grunt_gozag_breadcrumbs, gammafunk_ghost_smash
D:5:      layout_loops_cross, minmay_temple_entry_poolview,
          nicolae_shop_self_help
D:6:      layout_cave_pods, nicolae_wu_jian_wuxing_cycle, marbit_many_paths,
          beargit_hepliaklqana_dungeon_heroes, uniq_eustachio
D:7:      layout_rooms, mainiacjoe_overflow_paths, zin_purify, enter_bailey_6,
          minmay_shattered_shrine
Temple:   nicolae_temple_little_seven
Bailey:   bailey_axe_froggy_fort_hellmonk, bailey

Skill      XL: |  1  2  3  4  5  6  7  8  9 10 |
---------------+-------------------------------+-----
Long Blades    | 2 3 4 5 6 8 |  8.0
Dodging        | 2 6 7 |  7.2
Fighting       | 4 |  4.5
Spellcasting   | 6 7 |  7.1
Armour         | 1 |  1.1
Throwing       | |  0.8
Translocations | |  3.0

Action                     |  1- 3 |  4- 6 |  7- 9 | 10-12 || total
---------------------------+-------+-------+-------+-------++-------
  Melee: Falchion          |   107 |   242 |   135 |       ||   484
         Bite              |    26 |    57 |   157 |     4 ||   244
         Punch             |       |     1 |    11 |       ||    12
         Short sword       |       |       |   273 |       ||   273
         Staff             |       |       |    49 |    16 ||    65
         Quarterstaff      |       |       |    17 |       ||    17
  Throw: Boomerang         |       |       |       |     2 ||     2
   Cast: Blink             |       |       |     1 |       ||     1
Ability: Evoke the Staff o |       |       |    11 |     4 ||    15
  Evoke: Wand              |       |       |     6 |       ||     6
    Use: Scroll            |       |       |    10 |       ||    10
   Stab: Sleeping          |       |     1 |     2 |       ||     3
 Armour: Leather armour    |    55 |   114 |   176 |     9 ||   354
  Dodge: Dodged            |    70 |   142 |   336 |    15 ||   563

Table legend: (Time is in decaauts)
 A = Elapsed time spent in this place.
 B = Non-inter-level travel time spent in this place.
 C = Inter-level travel time spent in this place.
 D = Time resting spent in this place.
 E = Time spent auto-exploring this place.
 F = Levels seen in this place.
 G = Mean time per level.
                   A        B        C        D        E       F      G
               +--------+--------+--------+--------+--------+-----+--------+
         Total |   6914 |   6466 |    448 |    537 |   4089 |   9 |  768.2 |
       Dungeon |   6439 |   5991 |    448 |    518 |   3810 |   7 |  919.9 |
        Temple |     34 |     34 |      0 |      0 |     26 |   1 |   34.0 |
        Bailey |    441 |    441 |      0 |     19 |    253 |   1 |  441.0 |
               +--------+--------+--------+--------+--------+-----+--------+

Top non-repeatable levels by time:
     D:4: 1536 daAuts
     D:3: 1126 daAuts
     D:6: 985 daAuts
     D:5: 796 daAuts
     D:1: 762 daAuts
     D:2: 691 daAuts
     D:7: 540 daAuts
  Bailey: 441 daAuts
  Temple: 34 daAuts
